 Dungeon Crawl Stone Soup version 0.19.0-19-g8c6edcc (console) character file.

34762 Kloppie the Bludgeoner (level 13, -3/129 HPs)
             Began as a Gargoyle Berserker on Nov 15, 2016.
             Was a High Priest of Trog.
             Slain by an efreet
             ... wielding a +2 great sword of flaming
              (9 damage)
             ... in a volcano on Nov 16, 2016.
             The game lasted 00:29:02 (15519 turns).

Kloppie the Bludgeoner (Gargoyle Berserker)        Turns: 15519, Time: 00:29:03

Health: -3/129     AC: 24    Str: 27    XL:     13   Next: 79%
Magic:  13/13      EV: 16    Int:  8    God:    Trog [*****.]
Gold:   727        SH:  0    Dex: 13    Spells: 0 memorised, 12 levels left

rFire  + + .     SeeInvis .     a - +0 eveningstar (drain)
rCold  + . .     Gourm    .     M - +2 scale mail {rF+}
rNeg   + + .     Faith    .     (no shield)
rPois  ∞         Spirit   .     K - -2 hat of the Alchemist {rElec rPois rF+ rC+ rN+ MR+ rMut rCorr}
rElec  +         Reflect  .     G - +2 cloak
rCorr  +         Harm     .     z - +2 pair of gloves
rMut   +                        (no boots)
MR     +++..                    (no amulet)
Stlth  ..........               (no ring)
                                (no ring)

@: berserking, starving, regenerating, very quick
A: negative energy resistance 1, electricity resistance, unbreathing,
petrification resistance, rot immunity, sturdy frame 1, AC +9
a: Berserk, Trog's Hand, Brothers in Arms, Burn Spellbooks, Renounce Religion


You were in a volcano.
You worshipped Trog.
Trog was extremely pleased with you.
You were starving.

You visited 2 branches of the dungeon, and saw 16 of its levels.
You also visited: Labyrinth, Ossuary and Volcano.

You collected 1201 gold pieces.
You spent 474 gold pieces at shops.

Inventory:

Hand Weapons
 a - a +0 eveningstar of draining (weapon)
 A - a +0 flail
Armour
 l - the +2 robe of Vines {NoDeviceHeal Regen+7}
   (You found it on level 2 of the Lair of Beasts)

   It increases your rate of regeneration.
 z - a +2 pair of gloves (worn)
 G - a +2 cloak (worn)
 K - the -2 hat of the Alchemist (worn) {rElec rPois rF+ rC+ rN+ MR+ rMut rCorr}
   (You found it in a labyrinth)

   It protects you from fire.
   It protects you from cold.
   It insulates you from electricity.
   It protects you from poison.
   It protects you from negative energy.
   It affects your resistance to hostile enchantments.
   It protects you from acid and corrosion.
   It protects you from mutation.
 M - a +2 scale mail of fire resistance (worn)
Wands
 n - a wand of digging (17/24)
 p - a wand of disintegration (18/24)
 I - a wand of iceblast (5/15)
Scrolls
 d - 4 scrolls of enchant armour
 e - 7 scrolls of teleportation
 g - 2 scrolls of magic mapping
 m - 4 scrolls of enchant weapon
 o - 10 scrolls of remove curse
 q - 5 scrolls of recharging
 t - a scroll of fog
 H - a scroll of blinking
 L - a scroll of fear
Potions
 b - 6 potions of invisibility
 i - 3 potions of ambrosia
 j - 3 potions of resistance
 k - 5 potions of curing
 s - 2 potions of might
 u - a potion of agility
 x - 5 potions of flight
 C - 2 potions of haste
 D - a potion of heal wounds
 E - 2 potions of brilliance
Miscellaneous
 y - a box of beasts
Comestibles
 c - 9 bread rations
 h - 10 royal jellies
 v - 3 beef jerkies
 w - 2 slices of pizza
 F - 5 meat rations


   Skills:
 - Level 12.2 Fighting
 + Level 15.9 Maces & Flails
 + Level 7.8 Armour
 - Level 9.0 Dodging


You had 12 spell levels left.
You didn't know any spells.

Dungeon Overview and Level Annotations

Branches:
Dungeon (11/15)            Temple (0/1) D:6            Lair (5/6) D:10
  Swamp (0/4) Lair:3       Spider (0/4) Lair:2          Orc (0/2) D:11
  Slime: Lair:5-6

Altars:
Gozag
Hepliaklqana
Kikubaaqudgha
Nemelex Xobeh
Qazlal
Ru
Trog

Shops:
D:4 *(   D:9 (


Innate Abilities, Weirdness & Mutations

You are resistant to torment.
Your stone body is resilient. (AC +9)
You are immune to poison.
You resist negative energy. (rN+)
You are resistant to electric shocks. (rElec)
You can survive without breathing.
You are immune to petrification.
You are immune to rotting.
Your movements are slightly less encumbered by armour. (ER -2)


Message History

You puncture the gargoyle!
The gargoyle is almost destroyed.
A molten gargoyle comes into view. It is wielding a mace.
You puncture the gargoyle!
You feel the power of Trog in you as your rage grows.
You destroy the gargoyle!
Trog accepts your kill. The efreet gestures at you.
The bolt of fire misses you.
You are too berserk!
The molten gargoyle blasts magma at you!
The bolt of magma hits the efreet.
The efreet partially resists.
The bolt of magma hits you! You partially resist.
* * * LOW HITPOINT WARNING * * *
There is an open door here.
You see here a flail.
You impale the efreet!!
The efreet is severely wounded.
The efreet hits you with a great sword of flaming!
You die...

####### # ####......
#'#####+## ####.........
..§#...###8......≈≈≈§§
.9.∩.'........§≈§§§≈
#R..###8.....§§≈≈§§ ##
###@## ###...≈§§§≈≈≈
#$)##..)######...≈≈≈§§≈≈
#$!#..⌠..##.#..§§§≈≈§§§≈
#/[8...(.##....≈§≈≈≈§≈§§
#.##.....#...§≈§§§≈≈§≈≈§
# #.(8..#...§§§≈§§≈≈≈≈≈
##(..###...§§§§§≈≈≈§≈
##### ##.....≈§§≈≈≈§
##.....≈≈≈≈§≈


You could see an efreet and a molten gargoyle.

Vanquished Creatures
  A stone giant (Volcano)
  A minotaur (Lab)
  A centaur warrior (D:11)
  4 death yaks (Lair:4)
  The ghost of androgeny the Carver, a novice FoFi of Okawaru (D:9)
  A hill giant (D:10)
  An ugly thing (D:11)
  A manticore (D:11)
  3 black mambas
  Joseph (D:10)
  Maurice (D:9)
  2 gargoyles (Volcano)
  7 spiny frogs
  3 komodo dragons
  A rime drake (Lair:4)
  A hornet (D:11)
  3 jumping spiders (Lair:2)
  12 dream sheep
  7 hippogriffs
  6 redbacks
  Sigmund (D:5)
  A wyvern (D:8)
  5 basilisks
  5 fire bats (Volcano)
  29 yaks
  4 vampire mosquitoes (Lair:3)
  A hungry ghost (D:11)
  Grum (D:8)
  A fire elemental (Volcano)
  Menkaure (D:7)
  8 water moccasins
  3 porcupines
  4 orc warriors
  2 sky beasts
  2 black bears
  5 ice beasts
  2 eyes of draining (D:4)
  11 wolves
  A phantom (D:8)
  6 necrophages (Lair:3)
  5 ogres
  5 centaurs
  5 crocodiles
  A big kobold (D:10)
  6 elf zombies (Ossuary)
  10 bullfrogs
  2 wyvern zombies
  3 scorpions
  25 killer bees
  4 jellies
  4 wights (D:8)
  4 electric eels
  A howler monkey (D:9)
  5 crimson imps
  5 centaur zombies (Ossuary)
  7 lava snakes (Volcano)
  A quasit (D:11)
  A human zombie (Ossuary)
  3 bullfrog zombies
  6 hounds
  14 orc wizards
  9 orc priests
  2 bullfrog skeletons
  2 centaur skeletons
  2 iguanas
  Ijyb (D:3)
  Natasha (thrice) (D:4)
  7 worker ants
  A hound skeleton (D:5)
  3 mummies (Ossuary)
  2 worker ant zombies
  12 gnolls
  13 adders
  A river rat (D:10)
  2 shadow imps
  7 oozes
  An adder skeleton (D:7)
  3 worms
  3 dart slugs
  2 leopard geckos (D:5)
  38 orcs
  10 bats
  6 giant cockroaches
  A goblin (D:1)
  5 hobgoblins
  6 jackals
  4 quokkas
  A ball python (D:4)
  2 frilled lizards (D:1)
  A goblin zombie (D:7)
  13 kobolds
  2 leopard gecko skeletons (D:4)
  2 quokka zombies
  5 rats
440 creatures vanquished.

Vanquished Creatures (others)
  2 fungi (D:10)
2 creatures vanquished.

Grand Total: 442 creatures vanquished

Notes
Turn   | Place    | Note
-------+----------+-------------------------------------------
     0 | D:1      | Kloppie the Gargoyle Berserker began the quest for the Orb.
     0 | D:1      | Reached XP level 1. HP: 14/14 MP: 1/1
   301 | D:1      | Reached XP level 2. HP: 19/19 MP: 2/2
   961 | D:2      | Reached XP level 3. HP: 20/24 MP: 3/3
  1184 | D:2      | Reached skill level 4 in Maces & Flails
  1184 | D:2      | Reached XP level 4. HP: 30/30 MP: 4/4
  1906 | D:3      | Noticed Ijyb
  1916 | D:3      | Killed Ijyb
  1918 | D:3      | Reached XP level 5. HP: 34/34 MP: 5/5
  1921 | D:3      | Reached skill level 5 in Fighting
  2112 | D:3      | Found an opulent altar of Gozag.
  2128 | D:3      | Noticed a centaur
  2138 | D:3      | Killed a centaur
  2158 | D:3      | Found a faded altar of an unknown god.
  2345 | D:3      | Reached skill level 5 in Maces & Flails
  2345 | D:3      | Reached XP level 6. HP: 41/41 MP: 6/6
  2347 | D:3      | Reached ** piety under Trog
  2681 | D:4      | Found Jilama's Antique Weapon Emporium.
  2681 | D:4      | Noticed Natasha
  2704 | D:4      | Killed Natasha
  2941 | D:4      | Found Dagudeh's General Store.
  2982 | D:4      | Bought a scroll of remove curse for 39 gold pieces
  3060 | D:4      | Noticed Natasha
  3071 | D:4      | Killed Natasha
  3098 | D:4      | Reached XP level 7. HP: 44/46 MP: 7/7
  3170 | D:4      | Reached skill level 6 in Maces & Flails
  3375 | D:4      | Noticed Natasha
  3381 | D:4      | Killed Natasha
  3474 | D:4      | Found a bloodstained altar of Trog.
  3537 | D:4      | Gained mutation: Your movements are slightly less encumbered by armour. (ER -2) [potion of beneficial mutation]
  3557 | D:5      | Entered Level 5 of the Dungeon
  3628 | D:5      | Noticed Sigmund
  3640 | D:5      | Killed Sigmund
  3640 | D:5      | Reached XP level 8. HP: 53/53 MP: 8/8
  3693 | D:5      | Reached skill level 7 in Maces & Flails
  4115 | D:5      | Reached *** piety under Trog
  4363 | D:6      | Reached skill level 8 in Maces & Flails
  4464 | D:6      | Reached XP level 9. HP: 57/60 MP: 9/9
  4538 | D:6      | Found a staircase to the Ecumenical Temple.
  4968 | D:7      | Noticed Menkaure
  4975 | D:7      | Killed Menkaure
  4975 | D:7      | Reached skill level 9 in Maces & Flails
  4981 | D:7      | Found a hazy altar of Hepliaklqana.
  4999 | D:7      | Found a stormy altar of Qazlal.
  4999 | D:7      | Found an opulent altar of Gozag.
  5015 | D:7      | Found a sacrificial altar of Ru.
  5176 | D:7      | Found a sand-covered staircase.
  5183 | Ossuary  | Entered an ossuary
  5204 | Ossuary  | Reached **** piety under Trog
  5654 | Ossuary  | Reached skill level 10 in Maces & Flails
  5654 | Ossuary  | Reached skill level 5 in Dodging
  6013 | D:7      | Reached XP level 10. HP: 65/65 MP: 10/10
  6389 | D:8      | Noticed Grum
  6412 | D:8      | Killed Grum
  6656 | D:8      | Reached skill level 11 in Maces & Flails
  6832 | D:8      | Found an ancient bone altar of Kikubaaqudgha.
  7524 | D:8      | Reached ***** piety under Trog
  8031 | D:9      | Found Yzew's Weapon Emporium.
  8048 | D:9      | Noticed androgeny's ghost (novice FoFi)
  8073 | D:9      | Killed androgeny's ghost
  8073 | D:9      | Reached skill level 12 in Maces & Flails
  8073 | D:9      | Reached XP level 11. HP: 69/69 MP: 11/11
  8147 | D:9      | Bought a +0 eveningstar of draining for 435 gold pieces
  8224 | D:9      | Noticed Maurice
  8613 | D:9      | Killed Maurice
  8959 | D:10     | Entered Level 10 of the Dungeon
  9045 | D:10     | Noticed a hill giant
  9073 | D:10     | Killed a hill giant
  9177 | D:10     | Found a staircase to the Lair.
  9188 | D:10     | Noticed Joseph
  9219 | D:10     | Killed Joseph
  9706 | D:11     | Found a labyrinth entrance.
  9746 | Lab      | Entered a labyrinth
 10101 | Lab      | Noticed a minotaur
 10110 | Lab      | Killed a minotaur
 10135 | Lab      | Got a jewelled plate armour
 10172 | D:11     | Identified the +8 plate armour of Valour {MR+} (You found it in a labyrinth)
 10323 | D:11     | Received a gift from Trog
 10430 | D:11     | Reached skill level 13 in Maces & Flails
 10443 | D:11     | Noticed a green ugly thing
 10475 | D:11     | Killed a green ugly thing
 10610 | D:11     | Noticed a manticore
 10613 | D:11     | Noticed a centaur warrior
 10625 | D:11     | Killed a manticore
 10636 | D:11     | Killed a centaur warrior
 10636 | D:11     | Reached XP level 12. HP: 53/77 MP: 12/12
 10712 | D:11     | Found a staircase to the Orcish Mines.
 10995 | Lair:1   | Entered Level 1 of the Lair of Beasts
 11100 | Lair:1   | Reached skill level 10 in Fighting
 12223 | Lair:2   | Reached skill level 14 in Maces & Flails
 12283 | Lair:2   | Found a hole to the Spider Nest.
 12404 | Lair:2   | Found a sparkling altar of Nemelex Xobeh.
 12762 | Lair:2   | You fall through a shaft!
 13224 | Lair:3   | Found a staircase to the Swamp.
 13229 | Lair:3   | Received a gift from Trog
 13552 | Lair:3   | Reached XP level 13. HP: 79/86 MP: 13/13
 14250 | Lair:4   | Reached skill level 15 in Maces & Flails
 14392 | Lair:4   | Reached skill level 5 in Armour
 15333 | Lair:5   | Found a dark tunnel.
 15346 | Volcano  | Entered a volcano
 15394 | Volcano  | Received a gift from Trog
 15476 | Volcano  | Noticed a stone giant
 15504 | Volcano  | Killed a stone giant
 15518 | Volcano  | HP: 6/129 [molten gargoyle/bolt of magma (12)]
 15519 | Volcano  | Slain by an efreet

Skill      XL: |  1  2  3  4  5  6  7  8  9 10 11 12 13 |
---------------+----------------------------------------+-----
Fighting       | 4 5 6 7 8 9 12 | 12.2
Maces & Flails | 4 5 6 8 10 12 13 14 15 | 15.9
Dodging        | 2 5 7 9 |  9.0
Armour         | 7 |  7.8

Action                   |  1- 3 |  4- 6 |  7- 9 | 10-12 | 13-15 || total
-------------------------+-------+-------+-------+-------+-------++-------
Melee: Mace              |    92 |   196 |   512 |     7 |       ||   807
       Flail             |       |       |       |   928 |       ||   928
       Eveningstar       |       |       |       |   269 |   274 ||   543
Invok: Berserk           |     1 |     6 |     9 |     7 |     2 ||    25
       Trog's Hand       |       |     1 |     2 |     6 |     2 ||    11
  Use: Scroll            |       |       |    13 |    18 |     1 ||    32
       Potion            |       |       |     1 |       |     1 ||     2
  Eat: Chunk             |     1 |    12 |    15 |    25 |     7 ||    60
       Meat ration       |       |       |     1 |     2 |       ||     3
       Royal jelly       |       |       |       |     1 |       ||     1
Armor: Animal skin       |    37 |     4 |       |       |       ||    41
       Scale mail        |       |   129 |   307 |   548 |   117 ||  1101
       Robe              |       |       |       |    21 |       ||    21
Dodge: Dodged            |    65 |   154 |   319 |   842 |   158 ||  1538
